 Dungeon Crawl Stone Soup version 0.30-a0-585-g93115170b9 (webtiles) character file.

Game seed: 10712534912877757453

8901 Neon14 the Spear-Bearer (level 11, -4/130 HPs)
             Began as a Demonspawn Berserker on Jan 3, 2023.
             Was a High Priest of Trog.
             Slain by a brown ugly thing (8 damage)
             ... on level 10 of the Dungeon.
             The game lasted 00:19:15 (9811 turns).

Neon14 the Spear-Bearer (Demonspawn Berserker)      Turns: 9811, Time: 00:19:16

Health: -4/130     AC:  6    Str: 33    XL:     11   Next: 16%
Magic:  3/3        EV: 15    Int: 17    God:    Trog [*****.]
Gold:   134        SH:  0    Dex: 17    Spells: 10/10 levels left

rFire   . . .      SeeInvis .    C - +4 battleaxe (antimagic)
rCold   . . .      Faith    +    (shield currently unavailable)
rNeg    . . .      Spirit   .    s - +4 robe of Context {Regen+ Int+8 Dex+4 Stlth-}
rPois   .          Reflect  .    (helmet restricted)
rElec   .          Harm     .    t - +2 cloak
rCorr   .          Rampage  .    (no gloves)
Will    .....                    (no boots) Stlth
                                 d - amulet of faith
HPRegen 1.21/turn                B - +6 ring of strength
MPRegen 0.08/turn                A - +6 ring of strength

@: berserking, corroded, very quick
A: claws 1, foul stench 1, sturdy frame 2, condensation shield, horns 1, shaggy
fur 1
a: Renounce Religion, Berserk, Trog's Hand, Brothers in Arms


You were on level 10 of the Dungeon.
You worshipped Trog.
Trog was extremely pleased with you.
You visited 1 branch of the dungeon, and saw 10 of its levels.
You also visited: Sewer.

You collected 494 gold pieces.
You spent 360 gold pieces at shops.

Inventory:

Hand Weapons
 f - a +5 halberd of venom
 k - the +5 dagger "Ogreslayer" {heavy, *Corrode rElec rPois Stlth+}
   (You found it on level 2 of the Dungeon)

   It deals dramatically more damage, but attacks with it are much slower.
   rElec:     It insulates you from electricity.
   rPois:     It protects you from poison.
   *Corrode:  It may corrode you when you take damage.
   Stlth:     It makes you more stealthy.
 C - a +4 antimagic battleaxe (weapon)
Armour
 g - a +0 helmet
 i - a +1 leather armour of cold resistance
 s - the +4 robe of Context (worn) {Regen+ Int+8 Dex+4 Stlth-}
   (You found it on level 3 of the Dungeon)

   Int:       It affects your intelligence (+8).
   Dex:       It affects your dexterity (+4).
   Regen:     It increases your rate of health regeneration.
   Stlth:     It makes you less stealthy.
 t - a +2 cloak (worn)
Jewellery
 d - an amulet of faith (around neck)
 j - a +4 ring of protection
 u - a ring of resist corrosion
 y - a ring of positive energy
 A - a +6 ring of strength (right claw)
 B - a +6 ring of strength (left claw)
Wands
 l - a wand of flame (17)
 n - a wand of quicksilver (5)
 w - a wand of polymorph (6)
 z - a wand of paralysis (2)
Scrolls
 b - 2 scrolls of fear
 e - 3 scrolls of magic mapping
 o - 2 scrolls of fog
 p - a scroll of teleportation
 q - a scroll of identify
Potions
 c - a potion of haste
 h - a potion of lignification
 v - 2 potions of cancellation
 x - a potion of berserk rage
 E - a potion of magic


   Skills:
 + Level 8.4 Fighting
 * Level 7.5(10.1) Axes
 - Level 10.6(11.6) Polearms
 + Level 2.5 Armour
 + Level 6.2 Dodging
 - Level 1.0 Stealth
 - Level 1.3 Shields


You had 10 spell levels left.
You didn't know any spells.
Your spell library was empty.

Dungeon Overview and Level Annotations

Branches:
Dungeon (10/15)            Temple (0/1) D:4           Sewer (visited)
   Lair: D:8-11         Orc: D:9-12

Altars:
Cheibriados
Dithmenos
Fedhas
Hepliaklqana
Kikubaaqudgha
Nemelex Xobeh
Qazlal
Sif Muna
Vehumet
Wu Jian
Xom

Shops:
D:9 =


Innate Abilities, Weirdness & Mutations

You have sharp fingernails.
You may rarely emit foul miasma when damaged in melee.
Your movements are less encumbered by armour. (ER -4)
A meltable shield of frost defends you. (SH +0)
You have a pair of small horns on your head.
You are covered in fur. (AC +1)


Message History

The fire elemental burns you!
The deep elf pyromancer is engulfed in dark miasma.
The deep elf pyromancer is poisoned.
The deep elf pyromancer hits you with a +0 long sword.
You slice the brown ugly thing!!
The brown ugly thing is heavily wounded.
You slice the fire elemental!!
You destroy the fire elemental!
The fire elemental disappears in a puff of smoke!
You barely miss the deep elf pyromancer.
You hear a shout!
The brown ugly thing engulfs you. The acid corrodes you!
You are splashed with acid!
* * * LOW HITPOINT WARNING * * *
The deep elf pyromancer is engulfed in dark miasma.
The deep elf pyromancer looks even sicker.
The deep elf pyromancer hits you with a +0 long sword.
* * * LOW HITPOINT WARNING * * *
You hear a shout!
You hear an angry buzzing noise.
You slash the deep elf pyromancer!
The deep elf pyromancer's magic leaks into the air.
Your headbutt misses the deep elf pyromancer.
The deep elf pyromancer is moderately wounded.
You hit the brown ugly thing but do no damage.
You slash the fire elemental! The fire elemental closely misses you.
The brown ugly thing engulfs you!
* * * LOW HITPOINT WARNING * * *
You are splashed with acid!
* * * LOW HITPOINT WARNING * * *
The deep elf pyromancer is engulfed in dark miasma.
The deep elf pyromancer looks even sicker.
The deep elf pyromancer hits you with a +0 long sword.
* * * LOW HITPOINT WARNING * * *
You slice the deep elf pyromancer!!
You kill the deep elf pyromancer!
Trog accepts your kill.
Trog appreciates your killing of a magic user.
The fire elemental disappears in a puff of smoke!
You slash the brown ugly thing! The brown ugly thing engulfs you!
You die...

### #$.# . ... . ..###..
.## .....K.#### .... .#
#$.#.....c☼#.$# #....
.... ..$. ##°u@..#
.....# ....###...
#..§§.###...(#
.........# #..#........#
<.......#######†..[...##
#......#..#..#......##
#........#......#.##
##......###....##.#
##...........## ..
##).(######## ###


You could see a brown ugly thing, a kobold brigand and a centaur.

Vanquished Creatures
  A two-headed ogre (D:10)
  Pikel (D:9)
  A deep elf pyromancer (D:10)
  Joseph (D:9)
  2 trolls
  A hornet (D:9)
  A wraith (D:8)
  14 yaks
  Eustachio (D:6)
  A wyvern (D:9)
  3 steam dragons
  A vampire mosquito (D:10)
  An acid dragon (D:10)
  A water moccasin (D:6)
  An ice beast (D:8)
  3 orc warriors
  A black bear (D:8)
  2 sky beasts (D:7)
  An ogre (D:5)
  3 centaurs
  A phantom (D:6)
  A lemure (D:9)
  2 kobold brigands
  Blork the orc (D:5)
  A scorpion (D:5)
  4 bullfrogs
  9 wights
  A necrophage (D:4)
  5 killer bees (D:8)
  2 electric eels (D:8)
  4 howler monkeys
  A jelly (D:7)
  5 orc priests
  5 hounds
  2 gnoll boudas
  5 iguanas
  10 orc wizards
  10 gnolls
  3 river rats (Sewer)
  13 adders
  3 white imps
  2 ufetubi
  4 worms
  27 orcs
  4 endoplasms
  7 giant cockroaches
  5 hobgoblins
  8 jackals
  18 kobolds
  A quokka (D:1)
  10 ball pythons
  12 bats
  A frilled lizard (Sewer)
  6 goblins
  10 rats
244 creatures vanquished.

Vanquished Creatures (others)
  An orc warrior (D:7)
  A centaur simulacrum (D:10)
  A white imp (D:7)
  2 orcs (D:7)
  A plant (D:4)
6 creatures vanquished.

Grand Total: 250 creatures vanquished

Notes
Turn   | Place    | Note
-------+----------+-------------------------------------------
     0 | D:1      | Neon14 the Demonspawn Berserker began the quest for the
                  | Orb.
     0 | D:1      | Reached XP level 1. HP: 18/18 MP: 1/1
   380 | D:1      | Gained mutation: You have sharp fingernails. [demonic
                  | ancestry]
   380 | D:1      | Reached XP level 2. HP: 22/24 MP: 2/2
   663 | D:1      | Reached ** piety under Trog
   741 | D:1      | Reached XP level 3. HP: 29/29 MP: 3/3
  1444 | D:2      | Found a faded altar of an unknown god.
  1448 | D:2      | Identified the +5 dagger "Ogreslayer" {heavy, *Corrode
                  | rElec rPois Stlth+}
  1555 | D:2      | Reached skill level 1 in Stealth
  1555 | D:2      | Reached XP level 4. HP: 21/35 MP: 4/4
  2844 | D:3      | Identified the +4 robe of Context {Regen+ Int+8 Dex+4
                  | Stlth-}
  3094 | D:4      | Noticed a necrophage
  3107 | D:4      | Killed a necrophage
  3108 | D:4      | Reached XP level 5. HP: 40/42 MP: 5/5
  3109 | D:4      | Found a staircase to the Ecumenical Temple.
  3219 | D:4      | You fall into a shaft and drop 1 floor!
  3219 | D:5      | Entered Level 5 of the Dungeon
  3276 | D:5      | Found a shadowy altar of Dithmenos.
  3305 | D:5      | HP: 1/42 [poisoned by a scorpion]
  3435 | D:4      | Found an ancient bone altar of Kikubaaqudgha.
  3497 | D:4      | Found a glowing drain.
  3506 | Sewer    | Entered a sewer
  3540 | Sewer    | Gained mutation: You may rarely emit foul miasma when
                  | damaged in melee. [demonic ancestry]
  3540 | Sewer    | Reached XP level 6. HP: 48/48 MP: 6/6
  3910 | D:4      | Reached *** piety under Trog
  4005 | D:4      | Reached skill level 5 in Axes
  4017 | D:4      | Found a snail-covered altar of Cheibriados.
  4803 | D:5      | Found a stormy altar of Qazlal.
  4857 | D:5      | Noticed Blork the orc
  4866 | D:5      | Killed Blork the orc
  4887 | D:5      | Reached XP level 7. HP: 34/55 MP: 7/7
  5386 | D:6      | Found a shimmering blue altar of Sif Muna.
  5414 | D:6      | Reached skill level 1 in Polearms
  5526 | D:6      | Noticed Eustachio
  5539 | D:6      | Killed Eustachio
  5540 | D:6      | Reached skill level 2 in Polearms
  5738 | D:6      | Reached skill level 5 in Fighting
  5738 | D:6      | Gained mutation: Your movements are slightly less
                  | encumbered by armour. (ER -2) [demonic ancestry]
  5738 | D:6      | Reached XP level 8. HP: 62/62 MP: 8/8
  5743 | D:6      | Reached skill level 3 in Polearms
  5893 | D:6      | Reached skill level 4 in Polearms
  6549 | D:7      | Reached skill level 5 in Polearms
  6557 | D:7      | Reached **** piety under Trog
  6560 | D:7      | Reached skill level 6 in Polearms
  6610 | D:7      | Found a hazy altar of Hepliaklqana.
  6642 | D:7      | Reached XP level 9. HP: 68/68 MP: 9/9
  6664 | D:7      | Reached skill level 7 in Polearms
  6936 | D:7      | Found an ornate altar of the Wu Jian Council.
  7013 | D:7      | Found a sparkling altar of Nemelex Xobeh.
  7587 | D:8      | Reached skill level 8 in Polearms
  7694 | D:8      | Reached ***** piety under Trog
  7697 | D:8      | Reached skill level 5 in Dodging
  7702 | D:8      | Reached skill level 9 in Polearms
  7705 | D:8      | Gained mutation: A meltable shield of frost defends you.
                  | (SH +0) [demonic ancestry]
  7705 | D:8      | Reached XP level 10. HP: 40/79 MP: 10/10
  7730 | D:8      | Found a blossoming altar of Fedhas.
  8004 | D:8      | Found a radiant altar of Vehumet.
  8825 | D:9      | Found Emid's Jewellery Shop.
  8830 | D:9      | Bought a +6 ring of strength for 360 gold pieces
  8869 | D:9      | Found a shimmering altar of Xom.
  8900 | D:9      | Noticed Joseph
  8909 | D:9      | Reached skill level 10 in Polearms
  8912 | D:9      | Killed Joseph
  9226 | D:9      | Noticed Pikel
  9237 | D:9      | Killed Pikel
  9238 | D:9      | Reached skill level 1 in Shields
  9500 | D:9      | Received a gift from Trog
  9633 | D:10     | Entered Level 10 of the Dungeon
  9648 | D:10     | Noticed a two-headed ogre
  9661 | D:10     | Killed a two-headed ogre
  9662 | D:10     | Gained mutation: Your movements are less encumbered by
                  | armour. (ER -4) [demonic ancestry]
  9662 | D:10     | Reached XP level 11. HP: 87/87 MP: 3/11
  9687 | D:10     | Gained mutation: You are covered in fur. (AC +1) [potion of
                  | mutation]
  9687 | D:10     | Gained mutation: You have a pair of small horns on your
                  | head. [potion of mutation]
  9694 | D:10     | Noticed an ogre mage
  9694 | D:10     | Identified the ring of Uguosel {Wiz rF++ Slay+3 Stlth+}
  9694 | D:10     | Noticed an orc knight
  9695 | D:10     | Noticed a deep elf pyromancer
  9695 | D:10     | Noticed a white ugly thing
  9695 | D:10     | Noticed a tengu warrior
  9711 | D:10     | Noticed a two-headed ogre
  9728 | D:10     | Noticed a two-headed ogre
  9802 | D:10     | Noticed a deep elf pyromancer
  9805 | D:10     | Noticed a brown ugly thing
  9810 | D:10     | HP: 3/130 [deep elf pyromancer/+0 long sword (6)]
  9811 | D:10     | Killed a deep elf pyromancer
  9811 | D:10     | Slain by a brown ugly thing

Illustrated notes

Levels and vault maps discovered:
D:1:      amcnicky_arrival_choice, layout_loops_corners, minivault_11
D:2:      layout_loops_cross, hellmonk_ecumenical_altar_pennies_from_heaven
D:3:      layout_basic, supply_closet_lemuel
D:4:      layout_gridville, mainiacjoe_overflow_chevrons,
          mainiacjoe_overflow_concentric_impassable,
          minmay_temple_entry_sparse_star, cheibrodos_sewer_entry_drain,
          saegor_snake_ambush
D:5:      layout_basic, grunt_dithmenos_smoke_and_mirrors, grunt_qazlal_clouds,
          uniq_blork_the_orc
D:6:      layout_basic, led_sif_book, chequers_avenue, uniq_eustachio
D:7:      layout_basic, nicolae_wu_jian_wuxing_cycle, corexii_leaking_fountain,
          minmay_tree_intersection, hangedman_feature_mirror,
          chequers_serial_rivers_micro_e
D:8:      layout_basic, grunt_temple_overflow_open, st_stairs_2,
          water_boxes_lemuel
D:9:      layout_gridville, xom_butterflies, serial_shops, kennysheep_mini,
          minmay_misc_feat_x, kennysheep_generic_room_8, uniq_joseph, uniq_pikel
D:10:     hangedman_cross_cluster, layout_loops_ring, gammafunk_ghost_grave,
          minivault_12

Skill      XL: |  1  2  3  4  5  6  7  8  9 10 11 |
---------------+----------------------------------+-----
Axes           | 3 4 5 6 7 |  7.5
Dodging        | 2 3 4 5 6 |  6.2
Armour         | 2 |  2.5
Stealth        | 1 |  1.0
Fighting       | 4 5 7 8 |  8.4
Polearms       | 2 6 9 10 | 10.6
Shields        | 1 |  1.3

Action                   |  1- 3 |  4- 6 |  7- 9 | 10-12 || total
-------------------------+-------+-------+-------+-------++-------
Melee: Hand axe          |   139 |   248 |       |       ||   387
       Punch             |     1 |       |       |       ||     1
       Halberd           |       |     2 |   263 |   113 ||   378
       Battleaxe         |       |       |       |    49 ||    49
       Headbutt          |       |       |       |     6 ||     6
Invok: Berserk           |     1 |     3 |     5 |     3 ||    12
       Trog's Hand       |       |       |     1 |     1 ||     2
  Use: Scroll            |       |    13 |     5 |     7 ||    25
       Potion            |       |     2 |     4 |     5 ||    11
 Stab: Sleeping          |     2 |       |       |       ||     2
Armor: Animal skin       |    20 |       |       |       ||    20
       Leather armour    |    10 |    16 |       |       ||    26
       Robe              |       |    75 |    69 |    55 ||   199
Dodge: Dodged            |   110 |   198 |   115 |   110 ||   533
Block: Other             |       |       |       |    23 ||    23

Table legend: (Time is in decaauts)
 A = Elapsed time spent in this place.
 B = Non-inter-level travel time spent in this place.
 C = Inter-level travel time spent in this place.
 D = Time resting spent in this place.
 E = Time spent auto-exploring this place.
 F = Levels seen in this place.
 G = Mean time per level.
                   A        B        C        D        E       F      G
               +--------+--------+--------+--------+--------+-----+--------+
         Total |  10050 |   9694 |    356 |   1823 |   6153 |  11 |  913.6 |
       Dungeon |   9590 |   9234 |    356 |   1674 |   6006 |  10 |  959.0 |
         Sewer |    459 |    459 |      0 |    149 |    146 |   1 |  459.0 |
               +--------+--------+--------+--------+--------+-----+--------+

Top non-repeatable levels by time:
     D:8: 1350 daAuts
     D:1: 1208 daAuts
     D:7: 1175 daAuts
     D:9: 1043 daAuts
     D:2: 982 daAuts
     D:5: 955 daAuts
     D:3: 954 daAuts
     D:6: 872 daAuts
     D:4: 854 daAuts
   Sewer: 459 daAuts
    D:10: 193 daAuts
